 Dungeon Crawl Stone Soup version 0.26-a0-663-g36e8fdb655 (webtiles) character file.

Game seed: 1518014699387379655

26497 jasper the Severer (level 12, -15/116 HPs)
             Began as a Deep Dwarf Abyssal Knight on Oct 10, 2020.
             Was a Priest of Makhleb.
             Demolished by a large abomination (22 damage)
             ... on level 4 of the Abyss.
             The game lasted 00:30:08 (11754 turns).

jasper the Severer (Deep Dwarf Abyssal Knight)     Turns: 11754, Time: 00:30:08

Health: -15/116    AC: 13    Str: 21    XL:     12   Next: 98%
Magic:  0/0        EV: 13    Int: 13    God:    Makhleb [***...]
Gold:   807        SH:  3    Dex: 12    Spells: 11/11 levels left

rFire    . . .     SeeInvis .   F - +1 broad axe
rCold    + . .     Faith    .   m - +0 buckler
rNeg     + . .     Spirit   .   r - +2 scale mail {rPois}
rPois    +         Reflect  .   (no helmet)
rElec    .         Harm     .   P - scarf {shadows}
rCorr    .         Rampage  .   k - +0 pair of gloves
MR       +....                  d - +0 pair of boots
Stlth    ..........             v - amulet of magic regeneration
HPRegen  0.00/turn              G - ring of positive energy
MPRegen  0.32/turn              s - +4 ring of evasion

@: non-regenerating
A: damage resistance, heal wounds, hooves 1, cold resistance 1, sense
surroundings 2, no regeneration
a: Heal Wounds, Minor Destruction, Lesser Servant of Makhleb, Renounce Religion


You were on level 4 of the Abyss.
You worshipped Makhleb.
Makhleb was most pleased with you.
You visited 2 branches of the dungeon, and saw 18 of its levels.
You visited the Abyss 2 times.

You collected 807 gold pieces.

Inventory:

Hand Weapons
 a - a +1 hand axe
 l - a +0 flail of protection
 x - the +10 mace "Kiboi" {elec, Str+5}
   (You found it on level 6 of the Dungeon)

   Occasionally, upon striking a foe, it will discharge some electrical energy
   and cause terrible harm.
   It affects your strength (+5).
 F - a +1 broad axe (weapon)
 T - a +0 battleaxe
Missiles
 e - 136 bolts
 h - 465 stones
 j - 70 poisoned darts
 J - 2 silver javelins (quivered)
Armour
 b - a +0 leather armour
 d - a +0 pair of boots (worn)
 g - a +0 ring mail
 k - a +0 pair of gloves (worn)
 m - a +0 buckler (worn)
 r - a +2 scale mail of poison resistance (worn)
 P - a scarf of shadows (worn)
 R - a -1 pair of gloves
Jewellery
 s - a +4 ring of evasion (right hand)
 v - an amulet of magic regeneration (around neck)
 G - a ring of positive energy (left hand)
Wands
 H - a wand of random effects (27)
 K - a wand of enslavement (5)
 M - a wand of disintegration (1)
 Q - a wand of flame (32)
 S - a wand of polymorph (4)
 U - a wand of paralysis (5)
 V - a wand of iceblast (2)
Scrolls
 f - a scroll of immolation
 i - 4 scrolls of enchant armour
 n - a scroll of random uselessness
 o - 4 scrolls of teleportation
 p - a scroll of holy word
 q - 5 scrolls of remove curse
 t - 3 scrolls of amnesia
 w - 7 scrolls of blinking
 y - 3 scrolls of magic mapping
 z - 3 scrolls of fog
 A - a scroll of fear
 N - a scroll of identify
Potions
 u - 4 potions of stabbing
 B - 2 potions of curing
 C - 2 potions of flight
 D - 2 potions of degeneration
 E - a potion of cancellation
 I - 2 potions of haste
 L - a potion of brilliance
 O - 4 potions of lignification
 W - a potion of berserk rage
 X - a potion of magic
Miscellaneous
 c - a lightning rod (inert)


   Skills:
 + Level 10.0 Fighting
 * Level 15.9 Axes
 - Level 10.0 Armour
 - Level 1.1 Dodging
 + Level 11.3 Invocations


You had 11 spell levels left.
You didn't know any spells.
Your spell library contained the following spells:

 Spells                   Type           Power        Failure   Level
 Animate Skeleton         Necr           #.....       75%         1
 Apportation              Tloc           #.....       75%         1
 Corona                   Hex            #......      75%         1
 Freeze                   Ice            #...         75%         1
 Summon Small Mammal      Summ           #...         75%         1
 Confusing Touch          Hex            #.......     98%         3
 Frozen Ramparts          Ice            #.....       98%         3
 Gell's Gravitas          Tloc           #.........   98%         3
 Ozocubu's Armour         Ice            #.......     98%         3
 Hailstorm                Conj/Ice       #.......     100%        4
 Petrify                  Tmut/Erth      #.......     100%        4
 Summon Ice Beast         Ice/Summ       #.......     100%        4
 Metabolic Englaciation   Hex/Ice        #.........   100%        5
 Yara's Violent Unravell  Hex/Tmut       #.........   100%        5


Dungeon Overview and Level Annotations

Branches:
Dungeon (13/15)            Temple (0/1) D:7            Lair (5/6) D:11
 Shoals (0/4) Lair:2        Snake (0/4) Lair:3        Slime (0/5) Lair:5
    Orc (0/2) D:11
 Vaults: D:13-14

Altars:
Cheibriados
Elyvilon
Fedhas
Gozag
Hepliaklqana
Makhleb
Nemelex Xobeh
Ru
Sif Muna
Trog
Uskayaw
Xom
Yredelemnul
Zin
Jiyva

Annotations:
D:5 1 runed translucent door, Crazy Yiuf
D:8 Harold


Innate Abilities, Weirdness & Mutations

You are resistant to damage.
You can heal yourself by infusing magical energy.
You passively map the area around you.
You do not regenerate.
You have large cloven feet.
Your flesh is cold resistant. (rC+)


Message History

Press: ? - help, Dir - move target cursor
As you read the scroll of blinking, it crumbles to dust.
You are suddenly pulled into a different region of the Abyss!
You are no longer corroded.
Lugonu draws you home! Lugonu sends minions to punish you.
Found a scroll of remove curse.
A wretched star and a small abomination come into view.
You are cast deeper into the Abyss!
You plunge deeper into the Abyss.
The abyssal rune of Zot can be found at this depth.
Found a scroll of blinking and a scroll of teleportation.
w - 7 scrolls of blinking (gained 1)
A large abomination comes into view.
You see here a scroll of teleportation.
The large abomination closely misses you.
Found 28 gold pieces.
You see here a scroll of teleportation.
o - 4 scrolls of teleportation (gained 1)
The large abomination hits you!!
You die...

.# ..............
#...## #..........# .
#.#...#...##...## #
..............#...#.
#.#.....#..#......##.#
# ..# .........#.#.#
... ...#..........#.#
.. .....##.........#
..#. ..##.......@X###
#..#.....#....#...#
....#. ..#..##.......#
...
.##...##...#...#..#
... . .
..#.........#.. . . .
..............
#..........#. ###
#.....$.


You could see a large abomination.

Vanquished Creatures
  An entropy weaver (Lair:4)
  3 hydras
  A thrashing horror (Lair:3)
  A cyclops (D:12)
  4 black mambas (Lair:4)
  A torpor snail (Lair:1)
  11 cane toads
  A kobold demonologist (D:12)
  6 komodo dragons
  An ancient zyme (D:11)
  A troll (D:11)
  4 blink frogs (Lair:5)
  35 yaks
  2 wraiths
  2 wyverns (Lair:3)
  A large abomination (Lair:3)
  2 basilisks (Lair:3)
  Grum (D:11)
  Menkaure (D:5)
  4 nagas (Lair:3)
  2 water moccasins (Lair:5)
  4 orc warriors
  A black bear (D:10)
  4 ice beasts
  3 sky beasts
  8 ogres
  3 phantoms
  A necrophage (D:10)
  3 wolves (D:10)
  6 centaurs
  A small abomination (D:11)
  5 big kobolds
  13 bullfrogs
  5 gnoll sergeants
  4 scorpions
  A water moccasin skeleton (D:8)
  A wyvern skeleton (D:9)
  21 killer bees
  12 wights
  5 howler monkeys
  A bullfrog zombie (D:5)
  2 hounds
  A quasit (D:9)
  A centaur zombie (D:5)
  3 jellies
  8 orc priests
  10 orc wizards
  A bullfrog skeleton (D:4)
  4 centaur skeletons
  3 iguanas
  9 worker ants
  Terence (D:2)
  A worker ant zombie (D:5)
  6 gnolls
  12 adders
  A shadow imp (D:9)
  2 white imps
  An ufetubus (D:6)
  3 oozes
  An adder skeleton (D:9)
  5 worms
  3 dart slugs (D:1)
  7 leopard geckos
  41 orcs
  10 bats
  3 giant cockroaches
  2 gnoll zombies (D:6)
  5 goblins
  4 hobgoblins
  5 jackals
  18 kobolds
  6 quokkas
  3 ball pythons
  8 frilled lizards
  A jackal skeleton (D:4)
  A quokka skeleton (D:6)
  6 rats
385 creatures vanquished.

Vanquished Creatures (collateral kills)
  A big kobold (D:11)
1 creature vanquished.

Vanquished Creatures (others)
  A gnoll sergeant (D:11)
  6 fungi
  9 plants
  2 starspawn tentacles (Lair:1)
18 creatures vanquished.

Grand Total: 404 creatures vanquished

Notes
Turn   | Place    | Note
-------+----------+-------------------------------------------
     0 | Abyss:1  | jasper the Deep Dwarf Abyssal Knight began the quest for
                  | the Orb.
     0 | Abyss:1  | Reached XP level 1. HP: 20/20 MP: 2/2
    31 | Abyss:1  | Noticed a neqoxec
    32 | D:1      | Escaped the Abyss
   156 | D:1      | Reached * piety under Lugonu
   157 | D:1      | Reached XP level 2. HP: 24/27 MP: 3/3
   287 | D:1      | Reached skill level 3 in Axes
   536 | D:1      | Reached XP level 3. HP: 34/34 MP: 4/4
   833 | D:1      | Found a sparkling altar of Nemelex Xobeh.
  1020 | D:2      | Noticed Terence
  1070 | D:2      | Killed Terence
  1218 | D:2      | Found a blossoming altar of Fedhas.
  1296 | D:2      | Reached XP level 4. HP: 40/42 MP: 4/4
  1361 | D:3      | Noticed a phantom
  1431 | D:3      | Reached ** piety under Lugonu
  1443 | D:3      | Found a hazy altar of Hepliaklqana.
  1459 | D:3      | Found a bloodstained altar of Trog.
  1492 | D:3      | Reached skill level 4 in Axes
  1615 | D:3      | Found a faded altar of an unknown god.
  2086 | D:4      | Reached XP level 5. HP: 43/49 MP: 5/5
  2172 | D:4      | Noticed a phantom
  2228 | D:5      | Entered Level 5 of the Dungeon
  2249 | D:5      | Found a white marble altar of Elyvilon.
  2267 | D:5      | Noticed a centaur
  2282 | D:5      | Killed a centaur
  2282 | D:5      | Reached skill level 5 in Axes
  2282 | D:5      | Reached XP level 6. HP: 40/57 MP: 6/6
  2469 | D:5      | Found a shimmering blue altar of Sif Muna.
  2647 | D:5      | Noticed Menkaure
  2673 | D:5      | Noticed an ice beast
  2760 | D:6      | Reached skill level 6 in Axes
  2764 | D:6      | Reached XP level 7. HP: 19/64 MP: 7/7
  2784 | D:6      | Got a crystal mace
  3038 | D:6      | Reached *** piety under Lugonu
  3068 | D:6      | Reached skill level 5 in Armour
  3086 | D:6      | Reached skill level 7 in Axes
  3187 | D:6      | Gained mutation: Your flesh is cold resistant. (rC+)
                  | [potion of mutation]
  3187 | D:6      | Gained mutation: You have large cloven feet. [potion of
                  | mutation]
  3202 | D:6      | Reached skill level 5 in Fighting
  3202 | D:6      | Reached XP level 8. HP: 45/74 MP: 7/7
  3335 | D:6      | Found a basalt altar of Yredelemnul.
  3475 | D:6      | Reached skill level 8 in Axes
  3559 | D:6      | Found a burning altar of Makhleb.
  3560 | D:6      | Found an opulent altar of Gozag.
  4072 | D:7      | Found a staircase to the Ecumenical Temple.
  4104 | D:7      | Reached skill level 9 in Axes
  4303 | D:5      | Killed Menkaure
  4387 | D:5      | Gained mutation: You passively map the area around you.
                  | [Deep Dwarf growth]
  4387 | D:5      | Reached XP level 9. HP: 72/82 MP: 7/7
  4526 | D:5      | Found a runed translucent door.
  4527 | D:5      | Noticed Crazy Yiuf
  4902 | D:4      | Reached **** piety under Lugonu
  5048 | D:4      | Reached skill level 10 in Axes
  5594 | D:8      | Found a glowing silver altar of Zin.
  5596 | D:8      | Noticed an angel
  5600 | D:8      | Found a shimmering altar of Xom.
  5870 | D:8      | Noticed Harold
  6019 | D:8      | Reached skill level 5 in Invocations
  6061 | D:8      | Reached skill level 11 in Axes
  6201 | D:9      | Found a hide-covered altar of Uskayaw.
  6287 | D:9      | Reached ***** piety under Lugonu
  6336 | D:9      | Found a snail-covered altar of Cheibriados.
  6382 | D:9      | Noticed a two-headed ogre
  6386 | D:9      | Reached XP level 10. HP: 62/92 MP: 11/11
  6387 | D:9      | Banished a two-headed ogre
  6858 | D:10     | Entered Level 10 of the Dungeon
  7251 | D:10     | Found a sacrificial altar of Ru.
  7862 | D:10     | Reached skill level 12 in Axes
  8061 | D:10     | Reached XP level 11. HP: 91/100 MP: 8/8
  8079 | D:11     | Noticed Grum
  8222 | D:11     | Killed Grum
  8228 | D:11     | Noticed a boulder beetle
  8477 | D:6      | Fell from the grace of Lugonu
  8477 | D:6      | Became a worshipper of Makhleb the Destroyer
  8750 | D:11     | Found a staircase to the Lair.
  8754 | D:11     | Found a staircase to the Orcish Mines.
  9058 | D:11     | Noticed a thrashing horror
  9155 | D:12     | Reached skill level 13 in Axes
  9173 | D:12     | Reached * piety under Makhleb
  9298 | D:12     | Noticed Sonja
  9299 | D:12     | Noticed Sonja
  9299 | D:12     | Sonja changed into Sonja the big kobold
  9303 | D:12     | Killed Sonja the big kobold
  9500 | D:12     | Noticed a four-headed hydra
  9608 | Lair:1   | Entered Level 1 of the Lair of Beasts
  9608 | Lair:1   | Noticed a six-headed hydra
  9613 | Lair:1   | Identified the +10 mace "Kiboi" {elec, Str+5} (You found it
                  | on level 6 of the Dungeon)
  9627 | Lair:1   | Killed a six-headed hydra
  9838 | D:11     | Reached skill level 14 in Axes
  9838 | D:11     | Reached skill level 10 in Armour
  9885 | D:11     | Noticed a tentacled starspawn
  9999 | Lair:2   | Noticed a thrashing horror
 10003 | Lair:2   | Found a staircase to the Shoals.
 10065 | Lair:3   | Reached XP level 12. HP: 28/112 MP: 1/1
 10085 | Lair:3   | Reached ** piety under Makhleb
 10198 | Lair:3   | Found a staircase to the Snake Pit.
 10363 | Lair:3   | Noticed a four-headed hydra
 10370 | Lair:3   | Killed a four-headed hydra
 10405 | Lair:3   | You fall into a shaft and drop 2 floors!
 10441 | Lair:5   | Reached skill level 10 in Invocations
 10542 | Lair:5   | Reached skill level 15 in Axes
 10596 | Lair:5   | Found a staircase to the Slime Pits.
 10615 | Lair:5   | Found a viscous altar of Jiyva.
 11077 | Lair:5   | Noticed a tentacled starspawn
 11183 | Lair:4   | Noticed a boulder beetle
 11189 | Lair:4   | Noticed an entropy weaver
 11189 | Lair:4   | a boulder beetle changed into an entropy weaver
 11194 | Lair:4   | Killed an entropy weaver
 11277 | Lair:4   | Reached *** piety under Makhleb
 11389 | Lair:4   | Reached skill level 10 in Fighting
 11566 | Lair:4   | Noticed a seven-headed hydra
 11578 | Lair:4   | Killed a seven-headed hydra
 11694 | Lair:4   | Noticed a starcursed mass
 11694 | Lair:4   | Cast into level 3 of the Abyss (Lugonu's touch)
 11697 | Abyss:3  | Noticed an entropy weaver
 11754 | Abyss:4  | Demolished by a large abomination

Illustrated notes

Levels and vault maps discovered:
D:1:      dpeg_arrival_lava_altar, layout_basic, minmay_tetromino_t4
D:2:      layout_basic, lemuel_crystal_altar, uniq_terence
D:3:      layout_rooms, nicolae_overflow_crystal_walls, lemuel_crystal_altar,
          chequers_ecumenical_altar_simple
D:4:      layout_basic, serial_corexii_hall, corexii_hall_statues_i,
          corexii_hall_statues_u, minmay_joined_circles
D:5:      layout_loops_ring, lemuel_crystal_altar, elyvilon_altar_3,
          uniq_crazy_yiuf_cottage, uniq_menkaure
D:6:      layout_rooms, lemuel_zombie_altar_yredelemnul,
          gammafunk_temple_overflow_statue, kennysheep_decorative_pillar,
          minmay_checkerbox
D:7:      layout_basic, minmay_temple_entry_grid
D:8:      layout_loops_ring, grunt_temple_overflow_order_and_chaos_1,
          uniq_harold
D:9:      layout_irregular_city, slow_altar_1, eat_drink_and_be_merry_uskayaw
D:10:     layout_layer_cave, basic_altar, chequers_serial_rivers_small_a
D:11:     layout_rooms, lair_entry_dummy,
          kennysheep_orc_monster_closet_entryway, uniq_grum
D:12:     layout_basic, uniq_sonja
D:13:     cheibrodos_ideogram_h, layout_irregular_city, serial_shops, shop,
          shop, nicolae_shop_waterfront, nicolae_ru_sacrificial_ziggurat
Lair:1:   layout_big_grid, serial_bayou_shore_a, grunt_megastairs_5,
          infiniplex_staircase_pool_2
Lair:2:   layout_loops_ring, elwin_shoals_entry_rocks, wad_woods_river_01,
          serial_bayou_shore_b
Lair:3:   beast_lair_carwin_large_2, layout_gridlike,
          minmay_snake_entry_guardpost_small
Lair:4:   layout_cellular_growth, grunt_megastairs_4
Lair:5:   layout_cave_pods, slime_altar_1
Abyss:4:  base: D:8, evilmike_abyss_exit_7, minivault_4,
          eino_small_chamber_without_monster, hangedman_shadowy_showcase,
          grunt_abyss_rune_wretched_hive, due_exit_kobolds

Skill      XL: |  1  2  3  4  5  6  7  8  9 10 11 12 |
---------------+-------------------------------------+-----
Axes           | 3 4 5 6 7 9 11 12 14 15 | 15.9
Fighting       | 3 4 5 6 7 8 10 | 10.0
Armour         | 3 4 5 6 7 8 10 | 10.0
Invocations    | 7 9 11 | 11.3
Dodging        | |  1.1

Action                   |  1- 3 |  4- 6 |  7- 9 | 10-12 || total
-------------------------+-------+-------+-------+-------++-------
Melee: Hand axe          |   125 |   237 |   137 |       ||   499
       Broad axe         |       |       |   352 |   820 ||  1172
       Mace              |       |       |       |    15 ||    15
Throw: Dart              |     3 |       |       |       ||     3
       Boomerang         |       |    32 |       |       ||    32
       Stone             |       |     4 |     2 |     1 ||     7
       Javelin           |       |       |    14 |     9 ||    23
Invok: Depart the Abyss  |     1 |       |       |       ||     1
       Banish            |       |       |       |     2 ||     2
 Abil: Heal Wounds       |     2 |     8 |    17 |    62 ||    89
Evoke: Wand              |       |     3 |    17 |    33 ||    53
       Lightning rod     |       |       |     7 |     8 ||    15
  Use: Potion            |     1 |     4 |     2 |     9 ||    16
       Scroll            |       |     3 |    13 |    15 ||    31
 Stab: Sleeping          |       |     4 |       |       ||     4
       Invisible         |       |     2 |       |       ||     2
       Paralysed         |       |       |       |     3 ||     3
Armor: Ring mail         |    46 |       |       |       ||    46
       Scale mail        |     6 |   108 |   229 |   369 ||   712
Dodge: Dodged            |    69 |   116 |   291 |   591 ||  1067
Block: Buckler           |    10 |    34 |    65 |   102 ||   211

Table legend: (Time is in decaauts)
 A = Elapsed time spent in this place.
 B = Non-inter-level travel time spent in this place.
 C = Inter-level travel time spent in this place.
 D = Time resting spent in this place.
 E = Time spent auto-exploring this place.
 F = Levels seen in this place.
 G = Mean time per level.
                   A        B        C        D        E       F      G
               +--------+--------+--------+--------+--------+-----+--------+
         Total |  11898 |  11108 |    790 |    673 |   6625 |  21 |  566.6 |
       Dungeon |   9807 |   9017 |    790 |    650 |   5324 |  13 |  754.4 |
          Lair |   2000 |   2000 |      0 |     20 |   1271 |   5 |  400.0 |
         Abyss |     91 |     91 |      0 |      3 |     30 |   3 |   30.3 |
               +--------+--------+--------+--------+--------+-----+--------+

Top non-repeatable levels by time:
    D:10: 1417 daAuts
     D:6: 1250 daAuts
     D:5: 1016 daAuts
     D:9: 832 daAuts
     D:1: 817 daAuts
     D:4: 796 daAuts
     D:7: 689 daAuts
  Lair:5: 663 daAuts
    D:11: 659 daAuts
     D:3: 630 daAuts
     D:8: 622 daAuts
  Lair:4: 595 daAuts
     D:2: 564 daAuts
    D:12: 507 daAuts
  Lair:3: 364 daAuts
